 Dungeon Crawl Stone Soup version 0.19-a0-1498-g0b85ae9 (webtiles) character file.

82 Charly the Magician (level 4, 3/36 HPs)
             Began as a Deep Elf Fire Elementalist on Sept 10, 2016.
             Quit the game on level 4 of the Dungeon.
             The game lasted 00:10:08 (614 turns).

Charly the Magician (Deep Elf Fire Elementalist)     Turns: 614, Time: 00:10:08

Health: 3/36       AC: 22    Str:  5    XL:     4   Next: 21%
Magic:  6/12       EV:  2    Int: 21    God:
Gold:   70         SH:  0    Dex: 15    Spells: 2 memorised, 7 levels left

rFire  . . .     SeeInvis .     h - +0 dagger (speed)
rCold  . . .     Gourm    .     (armour currently unavailable)
rNeg   + + +     Faith    .     (no shield)
rPois  +         Spirit   .     (helmet currently unavailable)
rElec  .         Dismiss  .     (cloak currently unavailable)
rCorr  .         Reflect  .     (gloves currently unavailable)
MR     .....     Harm     .     (boots currently unavailable)
Stlth  +++....... NoTele   +    (no amulet)
                                (no ring)
                                (no ring)

@: lethally poisoned (3 -> -2), tree-form
A: no striking features
a: no special abilities


You were on level 4 of the Dungeon.
You were not hungry.
You were a tree.
You visited 1 branch of the dungeon, and saw 4 of its levels.

You collected 70 gold pieces.

Inventory:

Hand Weapons
 h - a +0 dagger of speed (weapon)
Armour
 a - a +0 robe (melded)
 l - a +0 helmet (melded)
 m - a +0 cloak (melded)
Scrolls
 f - a scroll of fear {unknown}
 g - 2 scrolls of identify {unknown}
 i - 3 scrolls of magic mapping
 j - a scroll of enchant armour {unknown}
 k - a scroll of immolation {unknown}
 p - a scroll of noise {unknown}
Books
 b - a book of Flames

   Spells                             Type                      Level
   a - Flame Tongue                   Conjuration/Fire             1
   b - Throw Flame                    Conjuration/Fire             2
   c - Conjure Flame                  Conjuration/Fire             3
   d - Inner Flame                    Hexes/Fire                   3
   e - Sticky Flame                   Conjuration/Fire             4
   f - Fireball                       Conjuration/Fire             5
Comestibles
 c - 3 bread rations
 o - a meat ration


   Skills:
 - Level 2.4 Dodging
 - Level 2.4 Stealth
 + Level 4.2 Spellcasting
 * Level 3.7 Conjurations
 - Level 3.2 Fire Magic


You had 7 spell levels left.
You knew the following spells:

 Your Spells              Type           Power        Failure   Level  Hunger
c - Conjure Flame         Conj/Fire      ###.....     10%         3    ###....
f - Flame Tongue          Conj/Fire      ###..        2%          1    None


Dungeon Overview and Level Annotations

Branches:
Dungeon (4/15)             Temple (0/1) D:4

Altars:
Fedhas
Trog


Message History

The orc priest hits you.
The orc priest moves out of view.
The orc wizard gestures at you while chanting.
The puff of flame hits you!
Ouch! That really hurt!
* * * LOW HITPOINT WARNING * * *
An orc comes into view.
Unknown command.
It was a potion of lignification.
You turn into a tree.
Your +0 cloak melds into your body.
Your +0 helmet melds into your body.
Your +0 robe melds into your body.
Your roots penetrate the ground.
* * * LOW HITPOINT WARNING * * *
You feel sick. The giant cockroach bites you.
* * * LOW HITPOINT WARNING * * *
The orc wizard points at you and mumbles some strange words.
The magic dart hits you!
The orc priest hits you but does no damage.
The orc wizard completely misses you. The giant cockroach bites you.
* * * LOW HITPOINT WARNING * * *
Unknown command.
Are you sure you want to abandon this character and quit the game? (Confirm with "yes".)

......#.#..# ****** *,**,,,,,**,,
...........##*,.,.# *,*8,,,,,8*,,
............##..,.#####*,,,,,**,,
..........o.o...,.....#*8,,,8**,,
###.##......##,,,....#****_****,*
,...*#......#****o...# *******,*
####*#......#####o...###**,*,,,,*
#.....o...o.o.....# *,,,,,,,
*#.........o♣......# ******,*
#.....!....os......# *,*
#........####....### *,*
#........# *....# *,* #.....!..#
*....# *,*
#......!.#***....#*********,*
*,,,,,,,,,,,,.....,,,,,,,,*,*
*,,,,,,,,,,,,......,,,,,,,+,,
*,,,,,,,,,,,,***,,,,,,,,,,*,*


You could see 2 orc priests, 4 orc wizards, an orc and a giant cockroach.

Vanquished Creatures
  A hound (D:4)
  A worm (D:3)
  3 dart slugs
  2 giant geckos
  2 orcs (D:4)
  2 ball pythons
  7 goblins
  5 hobgoblins
  7 jackals
  A quokka (D:4)
  2 kobolds
  A rat (D:1)
34 creatures vanquished.

Notes
Turn   | Place    | Note
-------+----------+-------------------------------------------
     0 | D:1      | Charly the Deep Elf Fire Elementalist began the quest for the Orb.
     0 | D:1      | Reached XP level 1. HP: 10/10 MP: 6/6
   150 | D:1      | Reached XP level 2. HP: 15/15 MP: 5/8
   304 | D:3      | Reached XP level 3. HP: 19/19 MP: 1/10
   310 | D:3      | Learned a level 3 spell: Conjure Flame
   384 | D:3      | Found a blossoming altar of Fedhas.
   583 | D:4      | Reached skill level 4 in Spellcasting
   583 | D:4      | Reached XP level 4. HP: 23/24 MP: 6/12
   601 | D:4      | Found a bloodstained altar of Trog.
   614 | D:4      | Quit the game

Vault maps used:
D:1:      dpeg_chamrin_arrival_tetris, minmay_hexomino_r4
D:3:      first_bread, amethyst_killhole, fedhas_altar_1
D:4:      nicolae_overflow_hidden_temple, serial_park_tiny_2, trog_book

Skill      XL: |  1  2  3 |
---------------+----------+-----
Conjurations   | 2 3 |  3.7
Spellcasting   | 4 |  4.2
Dodging        | |  2.4
Stealth        | |  2.4
Fire Magic     | |  3.2

Action                   |  1- 3 |  4- 6 || total
-------------------------+-------+-------++-------
Melee: Dagger            |    15 |       ||    15
 Cast: Flame Tongue      |    46 |     4 ||    50
       Conjure Flame     |     1 |       ||     1
  Use: Scroll            |     1 |     2 ||     3
       Potion            |       |     1 ||     1
 Stab: Sleeping          |     2 |       ||     2
Armor: Robe              |     8 |     1 ||     9
       Skin              |       |     2 ||     2
Dodge: Dodged            |    16 |     4 ||    20
